ITL
WABA DUCKS @ UTICA UNICORNS
07/31/2028
 
TOP OF THE 1ST
Waba Ducks batting - Pitching for Utica Unicorns : RHP Alberto Parra
Pitching: RHP Alberto Parra
Batting: RHB Tomás Díaz 0-0: Ball
1-0: Ball
2-0: Foul Ball, location: 2F
2-1: Foul Ball, location: 2F
2-2: Fly out, F9 (Flyball, 9S)
Batting: LHB Fernando Cruz 0-0: Foul Ball, location: 2F
0-1: Ball
1-1: Foul Ball, location: 2F
1-2: Ball
2-2: Ground out U3 (Groundball, 3S)
Batting: LHB Howard Evans 0-0: Fly out, F6 (Popup, 6S)
Top of the 1st over - 0 run(s), 0 hit(s), 0 error(s), 0 left on base; Waba 0 - Utica 0
BOTTOM OF THE 1ST
Utica Unicorns batting - Pitching for Waba Ducks : RHP Li-cong Sima
Pitching: RHP Li-cong Sima
Batting: LHB Jesús Raugel 0-0: Ball
1-0: Ball
2-0: Ball
3-0: Called Strike
3-1: Fly out, F6 (Line Drive, 6M)
Batting: RHB Franklin Shaw 0-0: Called Strike
0-1: Ball
1-1: Ball
2-1: Swinging Strike
2-2: Ground out 4-3 (Groundball, 4)
Batting: RHB Gerald Burnett 0-0: Called Strike
0-1: Called Strike
0-2: Foul Ball, location: 2F
0-2: Strikes out looking
Bottom of the 1st over - 0 run(s), 0 hit(s), 0 error(s), 0 left on base; Waba 0 - Utica 0
TOP OF THE 2ND
Waba Ducks batting - Pitching for Utica Unicorns : RHP Alberto Parra
Batting: RHB Pedro Molina 0-0: Swinging Strike
0-1: Swinging Strike
0-2: Foul Ball, location: 2F
0-2: Ball
1-2: Strikes out swinging
Batting: RHB Jeremy Flemming 0-0: Ball
1-0: Ball
2-0: Ball
3-0: Called Strike
3-1: Called Strike
3-2: Base on Balls
Batting: RHB Don Keating 0-0: Called Strike
0-1: Ball
1-1: Called Strike
1-2: Grounds into double play, 6-4-3 (Groundball, 6)
Top of the 2nd over - 0 run(s), 0 hit(s), 0 error(s), 0 left on base; Waba 0 - Utica 0
BOTTOM OF THE 2ND
Utica Unicorns batting - Pitching for Waba Ducks : RHP Li-cong Sima
Batting: RHB Danny Crouch 0-0: Called Strike
0-1: Foul Ball, location: 2F
0-2: Strikes out swinging
Batting: LHB Mitchell Oglethorpe 0-0: Foul Ball, location: 2F
0-1: Ball
1-1: Ball
2-1: Called Strike
2-2: Fly out, F9 (Flyball, 89D)
Batting: RHB José Velázquez 0-0: Called Strike
0-1: Ball
1-1: Ball
2-1: Ball
3-1: Base on Balls
Batting: LHB Bill Hall 0-0: Foul Ball, location: 2F
0-1: Foul Ball, location: 2F
0-2: Ball
1-2: Fielders Choice at 2nd, 4-6 (Groundball, 4)
Bottom of the 2nd over - 0 run(s), 0 hit(s), 0 error(s), 0 left on base; Waba 0 - Utica 0
TOP OF THE 3RD
Waba Ducks batting - Pitching for Utica Unicorns : RHP Alberto Parra
Batting: SHB Alex Aguilar 0-0: Called Strike
0-1: Ball
1-1: Ball
2-1: Ball
3-1: Base on Balls
Batting: RHB Shaun Puckett 0-0: Ball
1-0: Foul Ball, location: 2F
1-1: Foul Ball, location: 2F
1-2: Ball
2-2: Fly out, F8 (Flyball, 8RM)
Batting: RHB Roberto Pagán 0-0: Ball
1-0: Ground out 5-3 (Groundball, 56S)
Alex Aguilar to second
Batting: RHB Tomás Díaz 0-0: Called Strike
0-1: Swinging Strike
0-2: Ball
1-2: Ball
2-2: Ball
3-2: Foul Ball, location: 2F
3-2: Base on Balls
Batting: LHB Fernando Cruz 0-0: Ball
1-0: Ball
2-0: Called Strike
2-1: Called Strike
2-2: Fly out, F8 (Flyball, 89D)
Top of the 3rd over - 0 run(s), 0 hit(s), 0 error(s), 2 left on base; Waba 0 - Utica 0
BOTTOM OF THE 3RD
Utica Unicorns batting - Pitching for Waba Ducks : RHP Li-cong Sima
Batting: RHB Gustavo Rodríguez 0-0: Called Strike
0-1: Ball
1-1: Foul Ball, location: 2F
1-2: Fly out, F7 (Flyball, 7S)
Batting: RHB Manny Ramírez 0-0: Fly out, F9 (Flyball, 9D)
Batting: LHB Jesús Raugel 0-0: Ball
1-0: Ball
2-0: Fly out, F7 (Flyball, 78S)
Bottom of the 3rd over - 0 run(s), 0 hit(s), 0 error(s), 0 left on base; Waba 0 - Utica 0
TOP OF THE 4TH
Waba Ducks batting - Pitching for Utica Unicorns : RHP Alberto Parra
Batting: LHB Howard Evans 0-0: Ball
1-0: Ball
2-0: Called Strike
2-1: Ball
3-1: SINGLE (Groundball, 34D)
Batting: RHB Pedro Molina 0-0: Ball
1-0: Called Strike
1-1: Ball
2-1: Reached on error, E6 (Groundball, 6)
Howard Evans to second
Batting: RHB Jeremy Flemming 0-0: Foul Ball, location: 2F
0-1: Swinging Strike
0-2: Strikes out swinging
Batting: RHB Don Keating 0-0: Ball
1-0: Ball
2-0: Grounds into double play, 4-6-3 (Groundball, 4)
Top of the 4th over - 0 run(s), 1 hit(s), 1 error(s), 1 left on base; Waba 0 - Utica 0
BOTTOM OF THE 4TH
Utica Unicorns batting - Pitching for Waba Ducks : RHP Li-cong Sima
Batting: RHB Franklin Shaw 0-0: Ball
1-0: Fly out, F9 (Flyball, 9LS)
Batting: RHB Gerald Burnett 0-0: Called Strike
0-1: SINGLE (Groundball, 34D)
Batting: RHB Danny Crouch 0-0: Ball
1-0: Ball
2-0: Ball
3-0: Called Strike
3-1: Foul Ball, location: 2F
3-2: Foul Ball, location: 2F
3-2: Strikes out swinging
Batting: LHB Mitchell Oglethorpe 0-0: Foul Ball, location: 2F
0-1: Ball
1-1: Ball
2-1: Fly out, F7 (Flyball, 78S)
Bottom of the 4th over - 0 run(s), 1 hit(s), 0 error(s), 1 left on base; Waba 0 - Utica 0
TOP OF THE 5TH
Waba Ducks batting - Pitching for Utica Unicorns : RHP Alberto Parra
Batting: SHB Alex Aguilar 0-0: Ball
1-0: Swinging Strike
1-1: Ball
2-1: Swinging Strike
2-2: Strikes out swinging
Batting: RHB Shaun Puckett 0-0: SINGLE (Popup, 4D)
Batting: RHB Roberto Pagán 0-0: Foul Ball, location: 2F
0-1: Ball
1-1: Called Strike
1-2: Strikes out swinging
Batting: RHB Tomás Díaz 0-0: Ball
1-0: Ball
2-0: Ground out 1-3 (Groundball, P)
Top of the 5th over - 0 run(s), 1 hit(s), 0 error(s), 1 left on base; Waba 0 - Utica 0
BOTTOM OF THE 5TH
Utica Unicorns batting - Pitching for Waba Ducks : RHP Li-cong Sima
Batting: RHB José Velázquez 0-0: Ball
1-0: Called Strike
1-1: Swinging Strike
1-2: Strikes out looking
Batting: LHB Bill Hall 0-0: Ball
1-0: Called Strike
1-1: Foul Ball, location: 2F
1-2: Strikes out swinging
Batting: RHB Gustavo Rodríguez 0-0: Foul Ball, location: 2F
0-1: Foul Ball, location: 2F
0-2: Foul Ball, location: 2F
0-2: Ball
1-2: Ground out 5-3 (Groundball, 56S)
Bottom of the 5th over - 0 run(s), 0 hit(s), 0 error(s), 0 left on base; Waba 0 - Utica 0
TOP OF THE 6TH
Waba Ducks batting - Pitching for Utica Unicorns : RHP Alberto Parra
Batting: LHB Fernando Cruz 0-0: Foul Ball, location: 2F
0-1: Ball
1-1: Foul Ball, location: 2F
1-2: Foul Ball, location: 2F
1-2: Ground out 5-3 (Groundball, 56)
Batting: LHB Howard Evans 0-0: Foul Ball, location: 2F
0-1: Fly out, F7 (Line Drive, 7)
Batting: RHB Pedro Molina 0-0: Called Strike
0-1: Fly out, F7 (Line Drive, 78S)
Top of the 6th over - 0 run(s), 0 hit(s), 0 error(s), 0 left on base; Waba 0 - Utica 0
BOTTOM OF THE 6TH
Utica Unicorns batting - Pitching for Waba Ducks : RHP Li-cong Sima
Batting: RHB Manny Ramírez 0-0: Called Strike
0-1: Ball
1-1: SINGLE (Line Drive, 78S)
Batting: LHB Jesús Raugel 0-0: Foul Ball, location: 2F
0-1: Ball
1-1: Ball
2-1: Fly out, F8 (Flyball, 8LM)
Batting: RHB Franklin Shaw 0-0: Ball
1-0: Ball
2-0: Fly out, F9 (Flyball, 9LM)
Batting: RHB Gerald Burnett 0-0: SINGLE (Line Drive, 8RS)
Manny Ramírez to second
Batting: RHB Danny Crouch 0-0: Ball
1-0: Ball
2-0: Ball
3-0: Base on Balls
Manny Ramírez to third
Gerald Burnett to second
Batting: LHB Mitchell Oglethorpe 0-0: Foul Ball, location: 2F
0-1: Ball
1-1: Foul Ball, location: 2F
1-2: Ball
2-2: Ball
3-2: Ground out 6-3 (Groundball, 6)
Bottom of the 6th over - 0 run(s), 2 hit(s), 0 error(s), 3 left on base; Waba 0 - Utica 0
TOP OF THE 7TH
Waba Ducks batting - Pitching for Utica Unicorns : RHP Alberto Parra
Batting: RHB Jeremy Flemming 0-0: Called Strike
0-1: Called Strike
0-2: Ball
1-2: Ball
2-2: Ball
3-2: Foul Ball, location: 2F
3-2: Foul Ball, location: 2F
3-2: Foul Ball, location: 2F
3-2: Foul Ball, location: 2F
3-2: DOUBLE (Flyball, 7D)
Batting: RHB Don Keating 0-0: Intentional Walk
Pitching: RHP Mario González
Batting: SHB Alex Aguilar 0-0: Swinging Strike
0-1: Bunt missed!
0-2: Ball
1-2: Foul Ball, location: 2F
1-2: SINGLE (Line Drive, 89S)
Jeremy Flemming to third
Don Keating to second
Batting: RHB Shaun Puckett 0-0: Ball
Passed Ball!
Jeremy Flemming scores
Don Keating to third
Alex Aguilar to second
1-0: Intentional Walk
Pitching: RHP Grant Jackson
Batting: RHB Roberto Pagán 0-0: Called Strike
0-1: Foul Ball, location: 2F
0-2: Reached on error, E7 (Flyball, 7S)
Don Keating scores
Alex Aguilar to third
Shaun Puckett to second
Batting: RHB Tomás Díaz 0-0: Swinging Strike
0-1: Ball
1-1: GRAND SLAM HOME RUN (Flyball, 7LD), Distance : 359 ft
Batting: LHB Fernando Cruz 0-0: Ball
1-0: Swinging Strike
1-1: Ball
2-1: Called Strike
2-2: Strikes out swinging
Batting: LHB Howard Evans 0-0: Foul Ball, location: 2F
0-1: Ball
1-1: Ball
2-1: Ball
3-1: Foul Ball, location: 2F
3-2: Strikes out swinging
Batting: RHB Pedro Molina 0-0: Ball
1-0: Ground out 6-3 (Groundball, 56)
Top of the 7th over - 6 run(s), 3 hit(s), 1 error(s), 0 left on base; Waba 6 - Utica 0
BOTTOM OF THE 7TH
Utica Unicorns batting - Pitching for Waba Ducks : RHP Li-cong Sima
Batting: RHB José Velázquez 0-0: Ball
1-0: Ground out 4-3 (Groundball, 4)
Batting: LHB Bill Hall 0-0: Ball
1-0: Foul Ball, location: 2F
1-1: Ball
2-1: Foul Ball, location: 2F
2-2: Strikes out swinging
Batting: RHB Gustavo Rodríguez 0-0: Called Strike
0-1: SINGLE (Flyball, 8RS)
Batting: RHB Manny Ramírez 0-0: Foul Ball, location: 2F
0-1: Ball
1-1: Swinging Strike
1-2: Ball
2-2: Ball
3-2: Foul Ball, location: 2F
3-2: Base on Balls
Gustavo Rodríguez to second
Pitching: RHP António Mata
Batting: LHB Jesús Raugel 0-0: Foul Ball, location: 2F
0-1: Ball
1-1: Ball
2-1: SINGLE (Flyball, 8RS)
Gustavo Rodríguez to third
Manny Ramírez to second
Runner from 3rd tries for Home, SAFE, no throw
Batting: RHB Franklin Shaw 0-0: Foul Ball, location: 2F
0-1: Ball
1-1: Foul Ball, location: 2F
1-2: Ball
2-2: Strikes out swinging
Bottom of the 7th over - 1 run(s), 2 hit(s), 0 error(s), 2 left on base; Waba 6 - Utica 1
TOP OF THE 8TH
Waba Ducks batting - Pitching for Utica Unicorns : RHP Grant Jackson
Batting: RHB Jeremy Flemming 0-0: Ball
1-0: Ball
2-0: Called Strike
2-1: Ground out 6-3 (Groundball, 6)
Batting: RHB Don Keating 0-0: Fly out, F8 (Flyball, 8LM)
Batting: SHB Alex Aguilar 0-0: Called Strike
0-1: Foul Ball, location: 2F
0-2: Strikes out looking
Top of the 8th over - 0 run(s), 0 hit(s), 0 error(s), 0 left on base; Waba 6 - Utica 1
BOTTOM OF THE 8TH
Utica Unicorns batting - Pitching for Waba Ducks : RHP António Mata
Batting: RHB Gerald Burnett 0-0: Called Strike
0-1: Ground out 5-3 (Groundball, 5)
Batting: RHB Danny Crouch 0-0: Fly out, F4 (Popup, 4)
Batting: LHB Mitchell Oglethorpe 0-0: Ball
1-0: Ball
2-0: Ball
3-0: Base on Balls
Batting: RHB José Velázquez 0-0: Ball
1-0: Ball
2-0: Fielders Choice at 2nd, 6-4 (Groundball, 6)
Bottom of the 8th over - 0 run(s), 0 hit(s), 0 error(s), 0 left on base; Waba 6 - Utica 1
TOP OF THE 9TH
Waba Ducks batting - Pitching for Utica Unicorns : RHP Grant Jackson
Batting: RHB Shaun Puckett 0-0: Ball
1-0: Ball
2-0: Foul Ball, location: 2F
2-1: Ball
3-1: Base on Balls
Batting: RHB Roberto Pagán 0-0: Called Strike
0-1: Ball
1-1: Foul Ball, location: 2F
1-2: Strikes out looking
Batting: RHB Tomás Díaz 0-0: Ball
1-0: Ball
2-0: Ball
3-0: Base on Balls
Shaun Puckett to second
Batting: LHB Fernando Cruz 0-0: Called Strike
0-1: Foul Ball, location: 2F
0-2: Foul Ball, location: 2F
0-2: Strikes out looking
Batting: LHB Howard Evans 0-0: Ball
1-0: SINGLE (Flyball, 7LS)
Shaun Puckett to third
Tomás Díaz to second
Runner from 3rd tries for Home, SAFE, no throw
Batting: RHB Pedro Molina 0-0: Called Strike
0-1: Ball
1-1: Fielders Choice at 2nd, 6-4 (Groundball, 6)
Top of the 9th over - 1 run(s), 1 hit(s), 0 error(s), 1 left on base; Waba 7 - Utica 1
BOTTOM OF THE 9TH
Utica Unicorns batting - Pitching for Waba Ducks : RHP António Mata
Batting: LHB Bill Hall 0-0: Ball
1-0: Called Strike
1-1: Ball
2-1: Swinging Strike
2-2: Fly out, F8 (Line Drive, 89D)
Batting: RHB Gustavo Rodríguez 0-0: Ball
1-0: Ground out 4-3 (Groundball, 4)
Batting: RHB Manny Ramírez 0-0: Ball
1-0: SINGLE (Line Drive, 78S)
Batting: LHB Jesús Raugel 0-0: Ball
1-0: Ball
2-0: Called Strike
2-1: Fly out, F8 (Line Drive, 8LD)
Bottom of the 9th over - 0 run(s), 1 hit(s), 0 error(s), 1 left on base; Waba 7 - Utica 1
Tuesday, August 8th, 2017 - OOTP Baseball 17.12 Build 75